 Dungeon Sprint DCSS version 0.27-a0-249-g74f53ef629 (webtiles) character file.

Game seed: 11240559996997755713

71731 Tarl the Slayer (level 14, 0/169 HPs)
             Began as a Minotaur Fighter on Feb 4, 2021.
             Was the Champion of the Shining One.
             Succumbed to Kicaedghu's poison arrow
             ... in the Dungeon (Sprint V: "Ziggurat Sprint").
             The game lasted 00:31:22 (2688 turns).

Tarl the Slayer (Minotaur Fighter)                  Turns: 2688, Time: 00:31:22

Health: 0/169      AC: 34    Str: 30    XL:     14   Next: 98%
Magic:  2/25       EV: 10    Int:  8    God:    the Shining One [******]
Gold:   0          SH: 35    Dex: 14    Spells: 13/13 levels left

rFire    . . .     SeeInvis +   h - +7 eudemon blade (holy)
rCold    + . .     Faith    .   F - +18 shield of the Gong {rElec rN+ Will+ EV-5}
rNeg     + + +     Spirit   .   E - +15 Maxwell's patent armour {-Cast -Tele rElec Will+ rCorr}
rPois    .         Reflect  .   (helmet restricted)
rElec    +         Harm     .   (no cloak)
rCorr    +         Rampage  .   (no gloves)
Will     ++++.     NoTele   +   (no boots) Stlth ..........NoCast +
                                P - amulet of Vitality {Regen+ HP+15}
HPRegen  0.78/turn              A - ring "Curchytubb" {Dex+4 SInv}
MPRegen  0.19/turn              R - ring of Qento {rC+ Will+ Str+4 Int+3 Stlth-}

@: lethally poisoned (0 -> -9), weakened, glowing, studying Air Magic
A: retaliatory headbutt, horns 2, blurry vision 1
a: Renounce Religion, Divine Shield, Cleansing Flame, Summon Divine Warrior


You were in the Dungeon.
You worshipped the Shining One.
The Shining One was exalted by your worship.
You visited 1 branch

Inventory:

Hand Weapons
 a - the +7 Singing Sword {vorpal, sonic wave}
   (You found it in the Dungeon)

   It inflicts extra damage upon your enemies.
 b - a +5 vorpal fustibalus
 c - a +5 spectral double sword
 d - the +7 scimitar of Paqivant {freeze, +Blink rC- Str+2}
   (You found it in the Dungeon)

   It has been specially enchanted to freeze those struck by it, causing extra
   injury to most foes and up to half again as much damage against particularly
   susceptible opponents.
   It can also slow down cold-blooded creatures.
   It affects your strength (+2).
   It makes you vulnerable to cold.
   It lets you blink.
 h - a +7 eudemon blade of holy wrath (weapon)
 N - a +0 trident
Missiles
 J - 16 silver javelins (quivered)
 K - 993 sling bullets
 M - 16 javelins
Armour
 E - the +15 Maxwell's patent armour (worn) {-Cast -Tele rElec Will+ rCorr}
   (You found it in the Dungeon)

   It insulates you from electricity.
   It affects your willpower, your defense against some magical effects.
   It prevents spellcasting.
   It prevents most forms of teleportation.
   It provides partial protection from all sources of acid and corrosion.
 F - the +18 shield of the Gong (worn) {rElec rN+ Will+ EV-5}
   (You found it in the Dungeon)

   It affects your evasion (-5).
   It insulates you from electricity.
   It protects you from negative energy.
   It affects your willpower, your defense against some magical effects.
 L - +5 gold dragon scales
 U - the +9 scales of the Dragon King {rPois rF+ rC+ Will+}
   (You found it in the Dungeon)

   It protects you from fire.
   It protects you from cold.
   It protects you from poison.
   It affects your willpower, your defense against some magical effects.
Jewellery
 n - an uncursed amulet of reflection
 x - an uncursed amulet of the acrobat
 y - a +6 ring of dexterity
 z - an uncursed ring of magical power
 A - the ring "Curchytubb" (left hand) {Dex+4 SInv}
   (You found it in the Dungeon)

   [ring of see invisible]

   It affects your dexterity (+4).
   It lets you see invisible.
 B - the ring "Keocext" {+Fly rF+ rCorr Str+3}
   (You found it in the Dungeon)

   [ring of resist corrosion]

   It affects your strength (+3).
   It protects you from fire.
   It lets you fly.
   It provides partial protection from all sources of acid and corrosion.
 C - a +6 ring of strength
 D - the amulet of Boserr {Spirit Str+2 Int-3 Dex+5 Stlth+}
   (You found it in the Dungeon)

   [amulet of guardian spirit]

   It causes incoming damage to be split between your health and magic.
   It affects your strength (+2).
   It affects your intelligence (-3).
   It affects your dexterity (+5).
   It makes you more stealthy.
 G - the ring "Bodghaw" {Will+ Str+4}
   (You found it in the Dungeon)

   [ring of willpower]

   It affects your strength (+4).
   It affects your willpower, your defense against some magical effects.
 O - an uncursed ring of wizardry
 P - the amulet of Vitality (around neck) {Regen+ HP+15}
   (You found it in the Dungeon)

   [amulet of regeneration]

   It affects your health (+15).
   It increases your rate of regeneration.
 Q - a +6 ring of intelligence
 R - the ring of Qento (right hand) {rC+ Will+ Str+4 Int+3 Stlth-}
   (You found it in the Dungeon)

   [ring of attention]

   It affects your strength (+4).
   It affects your intelligence (+3).
   It protects you from cold.
   It affects your willpower, your defense against some magical effects.
   It makes you less stealthy.
 S - the ring "Zued" {Fire rN+ Dex+3}
   (You took it off a wight in the Dungeon)

   [ring of fire]

   It enhances your fire magic.
   It affects your dexterity (+3).
   It protects you from fire.
   It makes you vulnerable to cold.
   It protects you from negative energy.
 T - the ring "Tusil" {rElec rF- rC+ rN+++ Slay+3 SInv}
   (You found it in the Dungeon)

   [ring of see invisible]

   It affects your accuracy and damage with ranged weapons and melee attacks
   (+3).
   It makes you vulnerable to fire.
   It protects you from cold.
   It insulates you from electricity.
   It renders you almost immune to negative energy.
   It lets you see invisible.
 V - an uncursed ring of poison resistance
 X - an uncursed ring of protection from fire
 Z - the ring of Haadoell {rF+ SInv}
   (You found it in the Dungeon)

   [ring of protection from fire]

   It protects you from fire.
   It lets you see invisible.
Wands
 u - a wand of mindburst (7)
 v - a wand of iceblast (4)
 w - a wand of acid (7)
Scrolls
 j - 4 scrolls of blinking
 o - 4 scrolls of amnesia
 p - 7 scrolls of fog
 q - a scroll of holy word
 r - 5 scrolls of identify
 s - 5 scrolls of remove curse
 t - 2 scrolls of fear
 I - a scroll of brand weapon
Potions
 e - 9 potions of curing
 f - 10 potions of heal wounds
 g - 10 potions of haste
 i - 3 potions of berserk rage
 k - 2 potions of brilliance
 l - 2 potions of invisibility
 m - 4 potions of resistance
 H - 7 potions of magic
 Y - 6 potions of might
Miscellaneous
 W - a tin of tremorstones (2/2)


   Skills:
 + Level 22.1 Fighting
 - Level 17.7 Long Blades
 - Level 16.3 Slings
 + Level 20.3 Armour
 + Level 10.7 Dodging
 + Level 20.4 Shields
 + Level 17.4 Invocations
 + Level 9.1 Evocations


You had 13 spell levels left.
You didn't know any spells.
Your spell library contained the following spells:

 Spells                   Type           Power        Failure   Level
 Apportation              Tloc           0%           86%         1
 Beastly Appendage        Tmut           0%           86%         1
 Foxfire                  Conj/Fire      0%           86%         1
 Freeze                   Ice            0%           86%         1
 Shock                    Conj/Air       0%           86%         1
 Sting                    Tmut/Pois      0%           86%         1
 Summon Small Mammal      Summ           0%           86%         1
 Call Imp                 Summ           0%           95%         2
 Corpse Rot               Necr/Air       N/A          95%         2
 Ensorcelled Hibernation  Hex/Ice        0%           95%         2
 Poisonous Vapours        Pois/Air       0%           95%         2
 Sublimation of Blood     Necr           0%           95%         2
 Swiftness                Air            0%           95%         2
 Call Canine Familiar     Summ           0%           99%         3
 Confusing Touch          Hex            0%           99%         3
 Frozen Ramparts          Ice            0%           99%         3
 Gell's Gravitas          Tloc           0%           99%         3
 Ignite Poison            Fire/Tmut/Pois 0%           99%         3
 Mephitic Cloud           Conj/Pois/Air  0%           99%         3
 Ozocubu's Armour         Ice            0%           99%         3
 Static Discharge         Conj/Air       0%           99%         3
 Stone Arrow              Conj/Erth      0%           99%         3
 Summon Guardian Golem    Hex/Summ       0%           99%         3
 Tukima's Dance           Hex            0%           99%         3
 Cause Fear               Hex            0%           100%        4
 Fulminant Prism          Conj/Hex       0%           100%        4
 Hailstorm                Conj/Ice       0%           100%        4
 Iskenderun's Mystic Bla  Conj/Tloc      0%           100%        4
 Olgreb's Toxic Radiance  Pois           0%           100%        4
 Petrify                  Tmut/Erth      0%           100%        4
 Summon Ice Beast         Ice/Summ       0%           100%        4
 Summon Lightning Spire   Summ/Air       0%           100%        4
 Alistair's Intoxication  Tmut/Pois      0%           100%        5
 Irradiate                Conj/Tmut      0%           100%        5
 Lee's Rapid Deconstruct  Erth           0%           100%        5
 Lightning Bolt           Conj/Air       0%           100%        5
 Metabolic Englaciation   Hex/Ice        0%           100%        5
 Silence                  Hex/Air        0%           100%        5
 Summon Forest            Summ/Tloc      0%           100%        5
 Yara's Violent Unravell  Hex/Tmut       0%           100%        5
 Eringya's Noxious Bog    Tmut/Pois      0%           100%        6
 Freezing Cloud           Conj/Ice/Air   0%           100%        6
 Hydra Form               Tmut           0%           100%        6
 Invisibility             Hex            0%           100%        6
 Starburst                Conj/Fire      0%           100%        6
 Statue Form              Tmut/Erth      0%           100%        6
 Dragon Form              Tmut           0%           100%        7
 Malign Gateway           Summ/Tloc      0%           100%        7
 Summon Hydra             Summ           0%           100%        7
 Chain Lightning          Conj/Air       0%           100%        8
 Ignition                 Fire           0%           100%        8
 Lehudib's Crystal Spear  Conj/Erth      0%           100%        8
 Absolute Zero            Ice            0%           100%        9
 Dragon's Call            Summ           0%           100%        9
 Fire Storm               Conj/Fire      0%           100%        9
 Shatter                  Erth           0%           100%        9
 Tornado                  Air            0%           100%        9


Dungeon Overview and Level Annotations

Branches:
Dungeon (1/1)

Altars:
Ashenzari
Cheibriados
Dithmenos
Elyvilon
Fedhas
Gozag
Hepliaklqana
Kikubaaqudgha
Makhleb
Nemelex Xobeh
Okawaru
Qazlal
Ru
Sif Muna
Trog
Uskayaw
Vehumet
Wu Jian
Xom
Yredelemnul
Zin
The Shining One
Beogh
Jiyva
Lugonu


Innate Abilities, Weirdness & Mutations

You reflexively headbutt those who attack you in melee.
You have a pair of horns on your head.
Scrolls take you a little longer to read.


Message History

You feel sick.
The floating eye disappears in a puff of smoke!
The golden eye disappears in a puff of smoke!
You block Kicaedghu's attack.
SHROANNG!
You block Xostetwi's attack.
GONNNNG!
You block the ufetubus's attack.
PANG!
The ufetubus hits you. The Shining One protects you from harm!
The golden eye blinks at you. You resist with almost no effort.
You block Kicaedghu's attack.
PTOANNNG!
The golden eye blinks!
Xostetwi hits you! The Shining One protects you from harm!
The torturous blood saint rages.
You slash Kicaedghu!
Kicaedghu convulses!
Kicaedghu is moderately wounded.
You die...

▓... ▓....))[::|
▓..) ▓...3.1....
▓... ▓..64146.3.
▓..▓ ▓.3422&5&6.
▓...
▓53§6&&GG3......▓...
▓&.&&&G..3......▓...
▓G&&&&G&........▓▓▓▓
▓.5@&&&G........
▓.5A▓.......▓...
▓...§...........
▓...............
▓.......©.......
▓▓▓▓▓▓▓▓▓▓▓▓▓▓▓▓


You could see Aleoperr (strong), Beasaela, Efuleess (resistant), Fuette,
Ihamiqe, Ivehoips, Kicaedghu (fast), Lais Wux, Otoirush (agile), Reonwum
(resistant), Tiosymn (resistant), Xahuah (strong, invisible), Xostetwi (fast),
Yriahits (strong, invisible), Zaw Peig (fast), Zomeoma (fast), a Hell Sentinel
(summoned), a Brimstone Fiend (slow), an infernal warmonger (resistant), a
blizzard demon, 2 demonspawn, a soul eater (summoned), a sun demon (summoned), a
shadow demon (summoned), an infernal demonspawn (berserk), an ice devil (fast),
an eye of draining (summoned), a smoke demon, a neqoxec (slow), 2 ynoxinuls, a
chaos spawn (strong), a red devil (fast), 2 floating eyes, 3 golden eyes, 4
ufetubi and a friendly daeva (summoned).

Vanquished Creatures
  A pearl dragon (D)
  A deep elf master archer (D)
  2 deep elf blademasters (D)
  2 daevas (D)
  2 deep elf sorcerers (D)
  3 very ugly things (D)
  A stone giant (D)
  A spriggan defender (D)
  4 apis (D)
  A deep elf annihilator (D)
  3 merfolk javelineers (D)
  A merfolk impaler (D)
  2 ice dragons (D)
  8 vault guards (D)
  4 spriggan air magi (D)
  2 hydras (D)
  4 merfolk aquamancers (D)
  A two-headed ogre (shapeshifter) (D)
  2 dancing weapons (D)
  2 deep elf knights (D)
  4 spriggan berserkers (D)
  2 skeletal warriors (D)
  3 sea snakes (D)
  A cherub (D)
  A swamp dragon (shapeshifter) (D)
  A deep troll (shapeshifter) (D)
  4 deep elf archers (D)
  2 deep elf zephyrmancers (D)
  4 deep elf pyromancers (D)
  3 necromancers (D)
  A lindwurm (shapeshifter) (D)
  5 ugly things (D)
  A manticore (D)
  A wolf spider (D)
  2 shining eyes (D)
  A cyclops (shapeshifter) (D)
  An elephant (D)
  A moth of wrath (shapeshifter) (D)
  A black mamba (shapeshifter) (D)
  2 toenail golems (D)
  A water nymph (shapeshifter) (D)
  An elephant (shapeshifter) (D)
  A guardian serpent (shapeshifter) (D)
  A black mamba (D)
  4 cane toads (D)
  2 rime drakes (shapeshifter) (D)
  An orange demon (D)
  A freezing wraith (D)
  An ice devil (D)
  3 yaktaurs (D)
  A jumping spider (shapeshifter) (D)
  A meliai (shapeshifter) (D)
  2 hornets (shapeshifter) (D)
  A troll (shapeshifter) (D)
  A merfolk (D)
  A jumping spider (D)
  A raiju (shapeshifter) (D)
  2 blink frogs (D)
  A dream sheep (D)
  A snapping turtle (D)
  A dream sheep (shapeshifter) (D)
  A redback (D)
  3 air elementals (D)
  A flying skull (D)
  A shapeshifter (D)
  A wraith (D)
  3 vampires (D)
  3 yaks (D)
  2 tarantellas (D)
  A tarantella (shapeshifter) (D)
  3 shadows (D)
  A chaos spawn (D)
  A fire elemental (D)
  A water elemental (D)
  2 neqoxecs (D)
  8 water moccasins (D)
  A floating eye (D)
  4 ice beasts (D)
  2 eyes of draining (D)
  A tengu (shapeshifter) (D)
  A wolf (D)
  A necrophage (D)
  A bullfrog (D)
  6 earth elementals (D)
  5 scorpions (D)
  3 wights (D)
  3 crimson imps (D)
  3 quasits (D)
  A jelly (D)
  2 iron imps (D)
  2 iguanas (D)
  An adder (D)
  5 white imps (D)
  An ufetubus (D)
  An adder skeleton (D)
  An adder zombie (D)
  3 bat skeletons (D)
  2 bat zombies (D)
  A jackal skeleton (D)
  3 quokka zombies (D)
203 creatures vanquished.

Vanquished Creatures (collateral kills)
  An unseen horror (shapeshifter) (D)
1 creature vanquished.

Vanquished Creatures (others)
  A pandemonium lord (D)
  A blood saint (D)
  A dancing weapon (D)
  A deep elf pyromancer (D)
  A smoke demon (D)
  2 orange demons (D)
  A hellion (D)
  A demonic crawler (D)
  A red devil (D)
  A ynoxinul (D)
11 creatures vanquished.

Grand Total: 215 creatures vanquished

Notes
Turn   | Place    | Note
-------+----------+-------------------------------------------
     0 | D        | Tarl the Minotaur Fighter began the quest for the Orb.
     0 | D        | Reached XP level 1. HP: 19/19 MP: 0/0
     0 | D        | Found a shimmering blue altar of Sif Muna.
     0 | D        | Found a bloodstained altar of Trog.
     0 | D        | Found a sacrificial altar of Ru.
     0 | D        | Found a stormy altar of Qazlal.
     0 | D        | Found an iron altar of Okawaru.
     1 | D        | Found a sparkling altar of Nemelex Xobeh.
     1 | D        | Found a blossoming altar of Fedhas.
     2 | D        | Found the +6 Majin-Bo {vamp, MP+6 Int+6}
     2 | D        | Found the +9 heavy crossbow "Sniper" {vorpal, Acc+∞ SInv}
     2 | D        | Found the +10 dark maul {vorpal}
     2 | D        | Found the +15 Maxwell's patent armour {-Cast -Tele rElec
                  | Will+ rCorr}
     2 | D        | Found the +18 shield of the Gong {rElec rN+ Will+ EV-5}
     2 | D        | Found the cursed +14 obsidian axe {vorpal, +Fly SInv
                  | *Curse}
     2 | D        | Found the +7 great mace "Firestarter" {inner flame, rF++}
     2 | D        | Found the +6 shillelagh "Devastator" {shatter}
     2 | D        | Found the +11 plutonium sword {*Contam Stlth-}
     2 | D        | Found the +8 lance "Wyrmbane" {slay drac, rPois rF+ rC+
                  | AC+3}
     2 | D        | Found the +9 sword of Zonguldrok {reap}
     2 | D        | Found the cursed +13 scythe of Curses {drain, *Curse}
     2 | D        | Found the +5 sword of Power {vorpal}
     2 | D        | Found the +7 mace of Variability {chain chaos}
     2 | D        | Found the +7 Singing Sword {vorpal, sonic wave}
     2 | D        | Found the +8 storm bow {elec, penet}
     3 | D        | Found a transporter.
     3 | D        | Found an ancient bone altar of Kikubaaqudgha.
     3 | D        | Found a viscous altar of Jiyva.
     3 | D        | Found a corrupted altar of Lugonu.
     3 | D        | Found a hazy altar of Hepliaklqana.
     3 | D        | Found a burning altar of Makhleb.
     3 | D        | Found an opulent altar of Gozag.
    12 | D        | Banished a spatial maelstrom
    88 | D        | Became a worshipper of the Shining One
    89 | D        | Killed an orange demon
    92 | D        | Reached skill level 5 in Fighting
    92 | D        | Reached skill level 5 in Armour
    92 | D        | Reached skill level 5 in Shields
    92 | D        | Reached XP level 2. HP: 29/29 MP: 0/3
   108 | D        | Entered arena 2.
   108 | D        | Noticed a water moccasin
   108 | D        | Found a transporter.
   111 | D        | Killed a water moccasin
   112 | D        | Reached skill level 6 in Fighting
   112 | D        | Reached skill level 5 in Long Blades
   112 | D        | Reached XP level 3. HP: 30/38 MP: 1/5
   112 | D        | Reached XP level 4. HP: 36/45 MP: 1/6
   269 | D        | Entered arena 3.
   269 | D        | Reached * piety under the Shining One
   269 | D        | Found a transporter.
   272 | D        | Reached skill level 5 in Slings
   272 | D        | Reached XP level 5. HP: 51/51 MP: 7/7
   273 | D        | Reached ** piety under the Shining One
   281 | D        | Entered arena 4.
   281 | D        | Noticed an eye of draining
   281 | D        | Noticed a floating eye
   281 | D        | Noticed an eye of draining
   281 | D        | Found a transporter.
   282 | D        | Killed a floating eye
   283 | D        | Reached skill level 7 in Fighting
   283 | D        | Reached skill level 5 in Invocations
   283 | D        | Reached XP level 6. HP: 60/60 MP: 0/8
   288 | D        | Reached skill level 8 in Fighting
   363 | D        | Entered arena 5.
   363 | D        | Noticed a jumping spider
   363 | D        | Reached *** piety under the Shining One
   363 | D        | Noticed a tarantella
   363 | D        | Noticed a tarantella
   363 | D        | Found a transporter.
   364 | D        | Found the +8 glaive of the Guard {elec, spectral, AC+5}
   366 | D        | Killed a tarantella
   367 | D        | Reached XP level 7. HP: 49/69 MP: 10/10
   371 | D        | Killed a tarantella
   372 | D        | Reached skill level 9 in Fighting
   379 | D        | Killed a jumping spider
   380 | D        | Reached XP level 8. HP: 45/78 MP: 12/12
   395 | D        | Killed a red devil
   497 | D        | Killed a hellion
   524 | D        | Entered arena 6.
   524 | D        | Reached **** piety under the Shining One
   524 | D        | Found a transporter.
   527 | D        | Reached ***** piety under the Shining One
   540 | D        | Entered arena 7.
   540 | D        | Noticed a wolf spider
   545 | D        | Reached skill level 10 in Armour
   547 | D        | Killed a wolf spider
   548 | D        | Reached skill level 10 in Fighting
   548 | D        | Reached skill level 10 in Long Blades
   548 | D        | Reached skill level 10 in Shields
   552 | D        | Found a transporter.
   562 | D        | Got the ring of the Lily {Wiz Str+2}
   563 | D        | Killed an orange demon
   654 | D        | Entered arena 8.
   654 | D        | Reached ****** piety under the Shining One
   654 | D        | Noticed an orange demon
   658 | D        | Found a transporter.
   660 | D        | Killed an orange demon
   661 | D        | Reached XP level 9. HP: 86/86 MP: 14/14
   664 | D        | Reached skill level 11 in Fighting
   666 | D        | Acquired a manual of Fighting
   669 | D        | Identified a +7 eudemon blade of holy wrath (a +5 demon
                  | blade blessed by the Shining One)
   669 | D        | Received a gift from the Shining One
   677 | D        | Entered arena 9.
   677 | D        | Noticed a toenail golem
   677 | D        | Noticed a toenail golem
   684 | D        | Killed a toenail golem
   689 | D        | Reached skill level 10 in Slings
   696 | D        | Killed a toenail golem
   697 | D        | Reached skill level 12 in Fighting
   697 | D        | Found a transporter.
   713 | D        | Entered arena 10.
   713 | D        | Noticed a deep elf pyromancer
   713 | D        | Noticed a deep elf pyromancer
   713 | D        | Noticed a +0 short sword of venom
   713 | D        | Noticed a deep elf archer
   713 | D        | Noticed a deep elf knight
   714 | D        | Identified the +6 lajatang "Beno" {freeze, rC+}
   715 | D        | Killed a +0 short sword of venom
   717 | D        | Killed a deep elf pyromancer
   717 | D        | Found a transporter.
   718 | D        | Killed a deep elf pyromancer
   718 | D        | Killed a deep elf archer
   719 | D        | Killed a deep elf knight
   720 | D        | Reached XP level 10. HP: 85/100 MP: 13/16
   722 | D        | Reached skill level 13 in Fighting
   751 | D        | Killed an infernal blood saint
   777 | D        | Entered arena 11.
   777 | D        | Noticed a cane toad
   777 | D        | Noticed a black mamba
   778 | D        | Found a transporter.
   784 | D        | Reached skill level 10 in Invocations
   784 | D        | Killed a cane toad
   785 | D        | Killed a black mamba
   797 | D        | Got the Volume of Curses and Shape Shifting
   801 | D        | Got the Handbook of Bewitching Stones
   806 | D        | Entered arena 12.
   808 | D        | Noticed a skeletal warrior
   808 | D        | Noticed an ice dragon
   813 | D        | Reached skill level 14 in Fighting
   831 | D        | Killed an ice dragon
   832 | D        | Killed a skeletal warrior
   836 | D        | Found a transporter.
   845 | D        | Got the ring "Curchytubb" {Dex+4 SInv}
   853 | D        | Entered arena 13.
   862 | D        | Reached skill level 15 in Fighting
   862 | D        | Noticed an ice dragon
   864 | D        | Found a transporter.
   869 | D        | Killed an ice dragon
   870 | D        | Reached XP level 11. HP: 64/113 MP: 18/18
   889 | D        | Got the ring "Keocext" {+Fly rF+ rCorr Str+3}
   895 | D        | Got the Catalogue of Lightness
  1144 | D        | Entered arena 14.
  1150 | D        | Noticed a vault guard
  1150 | D        | Noticed a vault guard
  1150 | D        | Noticed a vault guard
  1150 | D        | Noticed a vault guard
  1152 | D        | Noticed a stone giant
  1154 | D        | Noticed a vault guard
  1155 | D        | Noticed a vault guard
  1157 | D        | Noticed a vault guard
  1158 | D        | Killed a vault guard
  1159 | D        | Killed a vault guard
  1160 | D        | Reached skill level 16 in Fighting
  1162 | D        | Killed a vault guard
  1165 | D        | Killed a stone giant
  1165 | D        | Noticed a vault guard
  1167 | D        | Killed a vault guard
  1168 | D        | Reached skill level 17 in Fighting
  1169 | D        | Killed a vault guard
  1169 | D        | Killed a vault guard
  1170 | D        | Killed a vault guard
  1171 | D        | Reached skill level 15 in Shields
  1172 | D        | Killed a vault guard
  1173 | D        | Reached skill level 15 in Armour
  1173 | D        | Reached XP level 12. HP: 126/126 MP: 20/20
  1173 | D        | Found a transporter.
  1186 | D        | Got the amulet of Boserr {Spirit Str+2 Int-3 Dex+5 Stlth+}
  1204 | D        | Entered arena 15.
  1211 | D        | Noticed a green very ugly thing
  1211 | D        | Noticed an anaconda
  1213 | D        | an anaconda changed into a shock serpent
  1213 | D        | Noticed a green very ugly thing
  1215 | D        | Noticed a green very ugly thing
  1216 | D        | Lost intelligence.
  1222 | D        | Killed a green very ugly thing
  1223 | D        | Reached skill level 15 in Long Blades
  1224 | D        | Killed a green very ugly thing
  1225 | D        | Reached skill level 18 in Fighting
  1227 | D        | Killed a green very ugly thing
  1229 | D        | Noticed a two-headed ogre
  1229 | D        | a shock serpent changed into a two-headed ogre
  1231 | D        | Killed a two-headed ogre
  1235 | D        | Found a transporter.
  1245 | D        | HP: 6/128 [poisoned by a swamp dragon (poison gas)]
  1250 | D        | HP: 4/128 [poisoned by a swamp dragon (poison gas)]
  1255 | D        | Got the ring "Bodghaw" {Will+ Str+4}
  1255 | D        | HP: 4/128 [poisoned by a swamp dragon (poison gas)]
  1363 | D        | Killed Reomargh the pandemonium lord
  1736 | D        | Entered arena 16.
  1741 | D        | Noticed a merfolk javelineer
  1741 | D        | Noticed a merfolk javelineer
  1741 | D        | Noticed a merfolk aquamancer
  1741 | D        | Noticed a merfolk aquamancer
  1742 | D        | Found the amulet of Vitality {Regen+ HP+15}
  1747 | D        | Noticed a merfolk javelineer
  1750 | D        | Noticed a merfolk aquamancer
  1754 | D        | Killed a merfolk aquamancer
  1756 | D        | Noticed a merfolk impaler
  1761 | D        | Noticed a merfolk aquamancer
  1761 | D        | Killed a merfolk aquamancer
  1765 | D        | Reached skill level 15 in Slings
  1765 | D        | Killed a merfolk impaler
  1765 | D        | Killed a merfolk javelineer
  1766 | D        | Reached XP level 13. HP: 56/136 MP: 22/22
  1767 | D        | Reached skill level 19 in Fighting
  1768 | D        | Killed a merfolk javelineer
  1771 | D        | Killed a merfolk javelineer
  1789 | D        | Found a transporter.
  2083 | D        | Entered arena 17.
  2092 | D        | Noticed an apis
  2092 | D        | Noticed a daeva
  2092 | D        | Noticed a pearl dragon
  2093 | D        | Noticed a daeva
  2094 | D        | Noticed an apis
  2096 | D        | Noticed an apis
  2096 | D        | Noticed an apis
  2105 | D        | Killed an apis
  2107 | D        | Killed a pearl dragon
  2115 | D        | Killed a daeva
  2127 | D        | Killed a daeva
  2131 | D        | Killed an apis
  2132 | D        | Reached skill level 15 in Invocations
  2132 | D        | Killed an apis
  2137 | D        | Killed an apis
  2138 | D        | Reached skill level 20 in Fighting
  2141 | D        | Found a transporter.
  2160 | D        | Got the ring of Qento {rC+ Will+ Str+4 Int+3 Stlth-}
  2215 | D        | Entered arena 18.
  2225 | D        | Found the +9 scales of the Dragon King {rPois rF+ rC+
                  | Will+}
  2225 | D        | Identified the cursed +1 dagger of Efraog {drain, rN+
                  | Stlth+}
  2225 | D        | Identified the +9 dire flail of Irritation {venom, Int+2}
  2230 | D        | Identified the ring "Zued" {Fire rN+ Dex+3}
  2236 | D        | Reached skill level 1 in Dodging
  2237 | D        | Identified the amulet of Iruum {Spirit rPois Stlth+}
  2247 | D        | Reached skill level 1 in Evocations
  2268 | D        | Found a transporter.
  2282 | D        | Got the ring "Tusil" {rElec rF- rC+ rN+++ Slay+3 SInv}
  2293 | D        | Entered arena 19.
  2301 | D        | Noticed a deep elf master archer
  2302 | D        | Noticed a deep elf blademaster
  2308 | D        | Noticed a deep elf sorcerer
  2308 | D        | Noticed a deep elf blademaster
  2308 | D        | Identified the ring "Lasa" {Fire rElec}
  2309 | D        | Noticed a deep elf annihilator
  2311 | D        | Killed a deep elf blademaster
  2312 | D        | Reached skill level 5 in Dodging
  2312 | D        | Reached XP level 14. HP: 126/149 MP: 24/24
  2312 | D        | Noticed a deep elf sorcerer
  2317 | D        | Killed a deep elf blademaster
  2319 | D        | Killed a deep elf master archer
  2320 | D        | Reached skill level 5 in Evocations
  2321 | D        | Killed a deep elf sorcerer
  2325 | D        | Killed a deep elf sorcerer
  2326 | D        | Reached skill level 21 in Fighting
  2329 | D        | Found a transporter.
  2359 | D        | Got the Almanac of Attacks
  2385 | D        | Entered arena 20.
  2441 | D        | Gained mutation: Scrolls take you a little longer to read.
                  | [a shining eye]
  2447 | D        | Found a transporter.
  2476 | D        | Got the +7 scimitar of Paqivant {freeze, +Blink rC- Str+2}
  2497 | D        | Got the cursed +0 helmet of Makhleb's Generosity {*Contam
                  | rPois Regen+}
  2512 | D        | Got Orghin's Handbook of Translocation and Beguiling
  2516 | D        | Entered arena 21.
  2528 | D        | Noticed a spriggan defender
  2530 | D        | Identified the cursed +3 war axe of Compassion {vorpal,
                  | Str+6}
  2541 | D        | Reached skill level 10 in Dodging
  2545 | D        | Killed a spriggan defender
  2546 | D        | Reached skill level 22 in Fighting
  2553 | D        | Found a transporter.
  2572 | D        | Got the ring of Haadoell {rF+ SInv}
  2665 | D        | Entered arena 22.
  2674 | D        | Noticed Kicaedghu the pandemonium lord
  2674 | D        | Noticed Fuette the pandemonium lord
  2674 | D        | Noticed Aleoperr the pandemonium lord
  2674 | D        | Noticed Yriahits the pandemonium lord
  2674 | D        | Noticed Otoirush the pandemonium lord
  2674 | D        | Noticed Tiosymn the pandemonium lord
  2674 | D        | Noticed an infernal warmonger
  2675 | D        | Noticed Xostetwi the pandemonium lord
  2676 | D        | Noticed an Ice Fiend
  2676 | D        | Identified the cursed +1 hand axe of Defence by Offence
                  | {venom, MP+9 Str-4 Dex+3}
  2676 | D        | Noticed Reonwum the pandemonium lord
  2677 | D        | Noticed Xahuah the pandemonium lord
  2677 | D        | Noticed a Brimstone Fiend
  2678 | D        | Noticed a Hell Sentinel
  2678 | D        | Noticed Ihamiqe the pandemonium lord
  2678 | D        | Noticed Efuleess the pandemonium lord
  2679 | D        | Noticed Zaw Peig the pandemonium lord
  2679 | D        | Noticed Ivehoips the pandemonium lord
  2680 | D        | Noticed Zomeoma the pandemonium lord
  2681 | D        | Identified the +2 robe of Cascheitu {rN+ Str+3}
  2681 | D        | Paralysed by a floating eye for 4 turns
  2682 | D        | Noticed Beasaela the pandemonium lord
  2682 | D        | Noticed Lais Wux the pandemonium lord
  2685 | D        | an Ice Fiend changed into a blizzard demon
  2686 | D        | HP: 2/169 [smoke demon/divine providence (10)]
  2687 | D        | The Shining One protects you from harm!
  2687 | D        | The Shining One protects you from harm!
  2688 | D        | Succumbed to Kicaedghu's poison arrow

Illustrated notes

Levels and vault maps discovered:
D:        sprint_v [room_start, room_1, room_2, room_3, room_4, room_5, room_6,
          room_7, room_8, room_9, room_10, room_11, room_12, room_13, room_14,
          room_15, room_16, room_17, room_18, room_19, room_20, room_21,
          room_22, room_23, room_24, room_25, room_26, room_27]

Skill      XL: |  1  2  3  4  5  6  7  8  9 10 11 12 13 14 |
---------------+-------------------------------------------+-----
Fighting       | 5 6 7 8 9 10 12 15 17 18 20 22 | 22.1
Long Blades    | 4 5 6 8 9 10 11 13 14 16 17 | 17.7
Slings         | 3 4 5 7 9 10 12 13 15 16 | 16.3
Armour         | 5 6 7 8 9 10 12 13 15 16 18 20 | 20.3
Shields        | 5 6 7 8 9 10 12 13 15 16 18 20 | 20.4
Invocations    | 2 4 5 6 7 8 9 11 12 13 15 17 | 17.4
Dodging        | 5 10 | 10.7
Evocations     | 4 9 |  9.1

Action                   |  1- 3 |  4- 6 |  7- 9 | 10-12 | 13-15 || total
-------------------------+-------+-------+-------+-------+-------++-------
Melee: Double sword      |     2 |     6 |    34 |    58 |   105 ||   205
       Headbutt          |       |       |     5 |    14 |    24 ||    43
       Eudemon blade     |       |       |       |    21 |    45 ||    66
       Fustibalus        |       |       |       |     2 |       ||     2
 Fire: Fustibalus        |       |     3 |    10 |    16 |    15 ||    44
Throw: Javelin           |       |       |       |       |     3 ||     3
Invok: Divine Shield     |       |       |     2 |       |       ||     2
       Brand Weapon With |       |       |     1 |       |       ||     1
       Summon Divine War |       |       |       |       |     3 ||     3
       Cleansing Flame   |       |       |       |       |     2 ||     2
Evoke: Wand              |       |       |       |       |     3 ||     3
  Use: Potion            |     1 |       |       |     1 |       ||     2
       Scroll            |       |       |     1 |       |     2 ||     3
Armor: Plate armour      |       |     3 |    36 |    34 |    50 ||   123
Dodge: Dodged            |       |       |     4 |     2 |    18 ||    24
Block: Kite shield       |     5 |     3 |    53 |   122 |   210 ||   393
       Rpst.: Double sword |       |       |     1 |     1 |     3 ||     5
       Eudemon blade     |       |       |       |       |     1 ||     1

Table legend: (Time is in decaauts)
 A = Elapsed time spent in this place.
 B = Non-inter-level travel time spent in this place.
 C = Inter-level travel time spent in this place.
 D = Time resting spent in this place.
 E = Time spent auto-exploring this place.
 F = Levels seen in this place.
 G = Mean time per level.
                   A        B        C        D        E       F      G
               +--------+--------+--------+--------+--------+-----+--------+
         Total |   2617 |   2617 |      0 |   1582 |      0 |   1 | 2617.0 |
       Dungeon |   2617 |   2617 |      0 |   1582 |      0 |   1 | 2617.0 |
               +--------+--------+--------+--------+--------+-----+--------+

Top non-repeatable levels by time:
       D: 2617 daAuts
